 Dungeon Crawl Stone Soup version 0.18-a0-337-g1235303 (webtiles) character file.

4722 Raultor the Transmogrifier (level 10, -8/81 HPs)
             Began as an Octopode Transmuter on Nov 28, 2015.
             Was a Believer of Makhleb.
             Mangled by a komodo dragon (25 damage)
             ... on level 8 of the Dungeon.
             The game lasted 00:32:58 (9123 turns).

Raultor the Transmogrifier (Octopode Transmuter)    Turns: 9123, Time: 00:32:58

Health: -8/81      AC:  6    Str: 11    XL:     10   Next: 45%
Magic:  0/13       EV: 14    Int: 16    God:    Makhleb [**....]
Gold:   583        SH:  0    Dex: 18    Spells: 2 memorised, 6 levels left

rFire  x . .     SeeInvis .       - Unarmed
rCold  + + +     Clarity  .     (shield currently unavailable)
rNeg   . . .     SustAt   .     (helmet currently unavailable)
rPois  +         Gourm    .     a - amulet of guardian spirit
rElec  .         Spirit   +     j - ring of flight
rCorr  .         Warding  .     y - ring of loudness (curse)
rMut   .         Stasis   .     G - +4 ring of dexterity
MR     .....                    (no ring)
Stlth  +.........               (no ring)
                                (no ring)
                                (no ring)
                                (no ring)

@: ice-form, not resistant to hostile enchantments, very unstealthy
A: almost no armour, amphibious, 8 rings, (constrict 8), (camouflage 0),
(gelatinous body 0)
a: End Transformation, Minor Destruction, Renounce Religion, Evoke Flight


You were on level 8 of the Dungeon.
You worshipped Makhleb.
Makhleb was pleased with you.
You were not hungry.
You were a creature of crystalline ice.
You visited 2 branches of the dungeon, and saw 9 of its levels.
You also visited: Sewer.

You collected 583 gold pieces.

Inventory:

Hand Weapons
 b - a +0 blowgun
Missiles
 v - 32 poisoned needles
 w - 3 curare-tipped needles
Jewellery
 a - an amulet of guardian spirit (around neck)
 j - a ring of flight (left front paw)
 y - a cursed ring of loudness (right front paw)
 G - a +4 ring of dexterity (on tentacle)
Wands
 B - a wand of teleportation (4)
 C - a wand of disintegration (2)
 F - a wand of draining (9)
Scrolls
 d - 3 scrolls of blinking
 e - 2 scrolls of enchant armour
 q - 6 scrolls of teleportation
 s - 2 scrolls of amnesia
 t - a scroll of fear
 A - a scroll of remove curse {unknown}
 D - a scroll of identify
Potions
 f - a potion of might
 g - a potion of agility {unknown}
 h - a potion of curing {unknown}
 i - 3 potions of brilliance
 l - 2 potions of magic {unknown}
 n - a potion of berserk rage {unknown}
 o - a potion of heal wounds {unknown}
 r - a potion of haste {unknown}
 z - 3 potions of flight
Books
 u - a book of Changes

   Spells                             Type                      Level
   a - Beastly Appendage              Transmutation                1
   b - Sticks to Snakes               Transmutation                2
   c - Spider Form                    Transmutation/Poison         3
   d - Ice Form                       Ice/Transmutation            4
   e - Blade Hands                    Transmutation                5
Comestibles
 c - 8 bread rations
 k - 7 beef jerkies
 m - 5 meat rations
 p - 3 fruits
 x - 7 slices of pizza
 E - 3 chunks of flesh


   Skills:
 + Level 5.7 Fighting
 + Level 5.9 Dodging
 * Level 7.8 Unarmed Combat
 - Level 2.0 Spellcasting
 - Level 9.0 Transmutations
 - Level 5.0 Ice Magic
 + Level 2.8 Invocations


You had 6 spell levels left.
You knew the following spells:

 Your Spells              Type           Power        Failure   Level  Hunger
b - Spider Form           Trmt/Pois      ###.......   12%         3    ###....
c - Ice Form              Ice/Trmt       ###.....     12%         4    #####..


Dungeon Overview and Level Annotations

Branches:
Dungeon (8/15)             Temple (1/1) D:6
   Lair: D:8-11

Altars:
Ashenzari
Cheibriados
Dithmenos
Elyvilon
Fedhas
Gozag
Kikubaaqudgha
Makhleb
Nemelex Xobeh
Okawaru
Qazlal
Ru
Sif Muna
Trog
Vehumet
Xom
Yredelemnul
Zin
The Shining One

Shops:
D:8 [

Annotations:
D:4 Zebura's ghost, amateur SpGl


Innate Abilities, Weirdness & Mutations

You cannot wear most types of armour.
You are amphibious.
You can wear up to eight rings at the same time.
((You can use your tentacles to constrict eight enemies at once.))
((Your skin changes colour to match your surroundings (Stealth).))
((Your rubbery body absorbs attacks (AC +1).))


Message History

The komodo dragon hisses angrily.
The komodo dragon barely misses you.
You punch the komodo dragon! You freeze the komodo dragon.
The komodo dragon is moderately wounded.
The komodo dragon bites you!!
You hit the komodo dragon but do no damage.
The komodo dragon is moderately wounded.
The komodo dragon bites you!!
You hit the komodo dragon but do no damage.
The komodo dragon is moderately wounded.
The komodo dragon bites you!!
* * * LOW HITPOINT WARNING * * *
You are too injured to fight recklessly!
You hit the komodo dragon. You freeze the komodo dragon.
The komodo dragon is moderately wounded.
The komodo dragon barely misses you.
You punch the komodo dragon! You freeze the komodo dragon.
The komodo dragon is severely wounded.
The komodo dragon bites you!!
You die...

.......................##.....##
#...........##.##.####.....##
##...##.#...##.##'##.........
#...##.#...##.#...#.........
#...########################
###...# ##### ###### ### #...).#
# ... #..#.# ###.. #.....##
#.#l# ###.#####.#.# +......#
#%.Y### #...#.#..... #..(.###
+###..###...#....... ####.#
#.#†............## #.#
##......#......#.# #.#
#....#.........###. #(#
#.(..##..#....#### # #.### ####.
######.## ####...# ## ###
#..'...## ######## #######


You could see a komodo dragon.

Vanquished Creatures
  A komodo dragon (D:8)
  A two-headed ogre (D:8)
  Prince Ribbit (D:8)
  A hog (D:7)
  2 hippogriffs
  A human (D:7)
  2 steam dragons (D:8)
  A hungry ghost (D:8)
  2 sky beasts
  A black bear (D:7)
  3 orc warriors
  Purgy (Sewer)
  An ice beast (D:6)
  A phantom (D:6)
  3 ogres
  2 centaurs (D:8)
  4 crocodiles (D:8)
  3 giant frogs
  2 scorpions
  A water moccasin skeleton (D:6)
  3 vampire bats (D:3)
  2 crimson imps
  2 giant frog zombies
  A centaur zombie (D:6)
  A hound (D:4)
  3 jellies
  An orc priest (D:5)
  3 centaur skeletons
  Jessica (D:3)
  3 iguanas (D:8)
  A gnoll shaman (D:6)
  4 orc wizards
  2 worker ants
  A statue (D:7)
  3 sheep (D:7)
  2 hound zombies (D:6)
  2 hound skeletons
  8 adders
  7 gnolls
  2 shadow imps
  An ooze (D:6)
  6 worms
  7 giant geckos
  23 orcs
  7 ball pythons
  18 bats
  3 giant cockroaches
  9 hobgoblins
  13 jackals
  7 quokkas
  10 giant newts
  6 goblins
  A jackal skeleton (D:7)
  A jackal zombie (D:6)
  10 kobolds
  A quokka skeleton (D:6)
  11 rats
220 creatures vanquished.

Notes
Turn   | Place    | Note
--------------------------------------------------------------
     0 | D:1      | Raultor the Octopode Transmuter began the quest for the Orb.
     0 | D:1      | Reached XP level 1. HP: 13/13 MP: 3/3
   100 | D:1      | Reached XP level 2. HP: 2/18 MP: 5/5
   446 | D:1      | Reached XP level 3. HP: 21/23 MP: 6/6
   456 | D:1      | Learned a level 3 spell: Spider Form
   948 | D:2      | Found a snail-covered altar of Cheibriados.
   990 | D:2      | Reached skill level 4 in Transmutations
  1185 | D:2      | Reached XP level 4. HP: 25/28 MP: 7/7
  1452 | D:2      | Found an iron altar of Okawaru.
  1839 | D:3      | Noticed Jessica
  1941 | D:3      | Killed Jessica
  1941 | D:3      | Reached skill level 5 in Transmutations
  1941 | D:3      | Reached XP level 5. HP: 33/33 MP: 1/8
  1955 | D:3      | Learned a level 4 spell: Ice Form
  1993 | D:3      | Reached skill level 1 in Ice Magic
  2018 | D:3      | Reached XP level 6. HP: 25/38 MP: 4/9
  3000 | D:4      | Noticed Zebura's ghost (amateur SpGl)
  3409 | D:4      | Found a glowing drain.
  3417 | Sewer    | Entered a sewer
  3437 | Sewer    | Noticed Purgy
  3484 | Sewer    | Killed Purgy
  3484 | Sewer    | Reached skill level 6 in Transmutations
  3484 | Sewer    | Reached XP level 7. HP: 24/43 MP: 7/10
  3900 | D:5      | Entered Level 5 of the Dungeon
  4188 | D:5      | Reached skill level 5 in Ice Magic
  4573 | D:5      | Found a basalt altar of Yredelemnul.
  4574 | D:5      | Found a shimmering altar of Xom.
  4815 | D:5      | Reached XP level 8. HP: 31/50 MP: 5/11
  5113 | D:6      | Reached skill level 7 in Transmutations
  5118 | D:6      | Found a staircase to the Ecumenical Temple.
  5125 | Temple   | Entered the Ecumenical Temple
  5419 | D:6      | Noticed a moth of wrath
  5422 | D:6      | Found a bloodstained altar of Trog.
  5894 | D:6      | Found a burning altar of Makhleb.
  5897 | D:6      | Became a worshipper of Makhleb the Destroyer
  6285 | D:7      | Found a radiant altar of Vehumet.
  6525 | D:7      | Reached skill level 8 in Transmutations
  6525 | D:7      | Reached XP level 9. HP: 47/57 MP: 9/12
  6580 | D:7      | Reached skill level 5 in Unarmed Combat
  7302 | D:6      | Reached * piety under Makhleb
  8147 | D:8      | Noticed Prince Ribbit
  8156 | D:8      | Killed Prince Ribbit
  8156 | D:8      | Reached skill level 5 in Dodging
  8280 | D:8      | Reached skill level 9 in Transmutations
  8358 | D:8      | Reached skill level 5 in Fighting
  8358 | D:8      | Reached XP level 10. HP: 66/66 MP: 7/13
  8431 | D:8      | Reached skill level 1 in Invocations
  8650 | D:8      | Found Xitoym's Armour Shoppe.
  8890 | D:8      | Reached ** piety under Makhleb
  9123 | D:8      | Mangled by a komodo dragon

Vault maps used:
D:1:      dpeg_arrival_arbitrary_c, serial_glass, glass_columns_a,
          glass_columns_a, minmay_strange_pillars, minivault_27
D:2:      okawaru_trees_1, lemuel_doored_altar, first_bread
D:3:      roderic_batcave, uniq_jessica
D:4:      forest_paths, lightli_sewer_entry_pipes, xom_redecorated
D:5:      gammafunk_temple_overflow_statue, minmay_crystal_room,
          hangedman_decor_clover_reticule
D:6:      lightli_temple_of_fire, temple_green, tgw_trog
D:7:      vehumet_statue, grunt_livestock
D:8:      erik_lair_dragon, serial_shops, shop, uniq_prince_ribbit1
Temple:   zaba_magenta_temple_12
Sewer:    sewer_co_purgy_island

Action                   |  1- 3 |  4- 6 |  7- 9 | 10-12 || total
-------------------------+-------+-------+-------+-------++-------
Melee: Unarmed           |   102 |   159 |   360 |    63 ||   684
 Fire: Blowgun           |       |    13 |       |       ||    13
 Cast: Spider Form       |     2 |    11 |    12 |       ||    25
       Ice Form          |       |       |    21 |     8 ||    29
  Use: Potion            |       |     1 |     2 |       ||     3
       Scroll            |       |       |     9 |       ||     9
 Stab: Sleeping          |     5 |     6 |       |       ||    11
  Eat: Chunk             |     2 |     8 |    20 |     6 ||    36
       Fruit             |       |       |     1 |       ||     1
       Bread ration      |       |       |     1 |       ||     1
